 Dungeon Crawl Stone Soup version 0.21.3-3-g218456f21e (webtiles) character file.

36542 MordorOrchid the Thaumaturge (level 13, -3/81 HPs)
             Began as an Octopode Necromancer on Oct 17, 2020.
             Was a High Priest of Vehumet.
             Killed by the air
             ... invoked by a wind drake
              (18 damage)
             ... on level 6 of the Lair of Beasts.
             The game lasted 02:28:21 (13856 turns).

MordorOrchid the Thaumaturge (OpNe)                Turns: 13856, Time: 02:28:22

Health: -3/81      AC:  1    Str: 10    XL:     13   Next: 90%
Magic:  13/29      EV: 17    Int: 25    God:    Vehumet [*****.]
Gold:   878        SH: 11    Dex: 14    Spells: 7/37 levels left

rFire    + . .     SeeInvis .   f - +5 broad axe "Yntolod" {drain, Str+3}
rCold    x . .     Gourm    .   u - +0 shield
rNeg     . . .     Faith    .   (helmet restricted)
rPois    .         Spirit   .   q - +2 amulet of reflection
rElec    .         Reflect  +   Z - ring of wizardry
rCorr    +         Harm     .   R - ring of wizardry
MR       +....                  W - ring of stealth
Stlth    +++++.....             h - +2 ring of dexterity
HPRegen  1.23/turn              S - ring of resist corrosion
MPRegen  0.21/turn              x - ring of fire
                                C - ring of protection from magic
                                j - +2 ring of intelligence

@: regenerating
A: almost no armour, stealthy swim, amphibious, 8 rings, constrict 8, camouflage
1, gelatinous body 1
a: Renounce Religion


You were on level 6 of the Lair of Beasts.
You worshipped Vehumet.
Vehumet was extremely pleased with you.
You were not hungry.

You visited 3 branches of the dungeon, and saw 18 of its levels.
You also visited: Labyrinth, Ossuary, Bailey and Volcano.

You collected 1322 gold pieces.
You spent 444 gold pieces at shops.

Inventory:

Hand Weapons
 b - a +6 blowgun
 f - the +5 broad axe "Yntolod" (weapon) {drain, Str+3}
   (You acquired it on level 5 of the Lair of Beasts)

   A truly terrible weapon, it drains the life of those it strikes.
   It affects your strength (+3).
 y - a +3 short sword of speed
Missiles
 v - 13 tomahawks (quivered)
 B - 12 javelins
 J - 7 throwing nets
Armour
 u - a +0 shield (worn)
Magical Staves
 z - an uncursed staff of wizardry
 O - an uncursed staff of earth
Jewellery
 h - a +2 ring of dexterity (on tentacle)
 j - a +2 ring of intelligence (on tentacle)
 q - a +2 amulet of reflection (around mantle)
 x - a ring of fire (on tentacle)
 C - a ring of protection from magic (on tentacle)
 R - a ring of wizardry (right tentacle)
 S - a ring of resist corrosion (on tentacle)
 W - a ring of stealth (on tentacle)
 Z - a ring of wizardry (left tentacle)
Wands
 a - a wand of enslavement (29)
 d - a wand of iceblast (11)
 g - a wand of flame (109)
 i - a wand of polymorph (15)
 k - a wand of scattershot (10)
 o - a wand of paralysis (26)
 s - a wand of digging (12)
 K - a wand of clouds (1)
 T - a wand of acid (10)
Scrolls
 e - 12 scrolls of remove curse
 m - 2 scrolls of fog
 n - 8 scrolls of teleportation
 p - a scroll of magic mapping
 t - a scroll of fear
 w - a scroll of immolation
 H - a scroll of holy word {unknown}
 L - a scroll of vulnerability {unknown}
 N - 6 scrolls of amnesia
 X - a scroll of blinking {unknown}
Potions
 l - 2 potions of invisibility
 r - 8 potions of brilliance
 A - a potion of resistance {unknown}
 D - 7 potions of ambrosia
 E - 6 potions of berserk rage
 G - 7 potions of curing
 I - 2 potions of agility
 M - a potion of might
 P - 6 potions of haste
 U - a potion of lignification
 V - 2 potions of magic
 Y - a potion of cancellation {unknown}
Books
 c - the Handbook of Arcane Weapons
   (You found it in a labyrinth)

   Spells                             Type                      Level
   a - Static Discharge               Conjuration/Air              3
   b - Venom Bolt                     Conjuration/Poison           5
   c - Bolt of Magma                  Conjuration/Fire/Earth       5
   d - Conjure Ball Lightning         Conjuration/Air              6
Comestibles
 F - 37 rations
 Q - 5 chunks of flesh


   Skills:
 - Level 5.0 Fighting
 * Level 9.1 Dodging
 - Level 4.0 Stealth
 * Level 6.2 Shields
 + Level 12.5 Spellcasting
 * Level 5.6 Conjurations
 * Level 2.5 Hexes
 - Level 3.0 Charms
 - Level 8.0 Necromancy
 * Level 5.5 Fire Magic
 - Level 8.0 Earth Magic
 - Level 6.0 Evocations


You had 7 spell levels left.
You knew the following spells:

 Your Spells              Type           Power        Failure   Level  Hunger
a - Pain                  Necr           ####         1%          1    None
b - Vampiric Draining     Necr           ######....   1%          3    None
c - Conjure Flame         Conj/Fire      ######..     1%          3    None
d - Inner Flame           Hex/Fire       ######..     1%          3    None
k - Regeneration          Chrm/Necr      #####.....   1%          3    None
u - Animate Skeleton      Necr           N/A          1%          1    None
v - Lee's Rapid Deconstr  Erth           ######....   1%          5    ###....
z - Apportation           Tloc           ###...       3%          1    None
A - Confusing Touch       Hex            ####..       1%          1    None
E - Borgnjor's Vile Clut  Necr/Erth      ######....   3%          5    ###....
U - Animate Dead          Necr           N/A          1%          4    None


Dungeon Overview and Level Annotations

Branches:
Dungeon (11/15)            Temple (1/1) D:7            Lair (6/6) D:10
 Shoals (0/4) Lair:2        Snake (0/4) Lair:4        Slime (0/5) Lair:5
    Orc (0/2) D:9

Altars:
Ashenzari
Cheibriados
Dithmenos
Elyvilon
Fedhas
Gozag
Hepliaklqana
Kikubaaqudgha
Makhleb
Nemelex Xobeh
Okawaru
Qazlal
Ru
Sif Muna
Trog
Uskayaw
Vehumet
Wu Jian
Xom
Yredelemnul
Zin
The Shining One
Jiyva

Shops:
D:4 [   D:7 !!}

Annotations:
Lair:4 1 exclusion


Innate Abilities, Weirdness & Mutations

You cannot wear most types of armour.
You are very stealthy in the water. (Stealth+)
You are amphibious.
You can wear up to eight rings at the same time.
You can use your tentacles to constrict eight enemies at once.
Your skin changes colour to match your surroundings (Stealth+).
Your rubbery body absorbs attacks. (AC +1, EV +1)


Message History

The air twists around and strikes you!
* * * LOW HITPOINT WARNING * * *
Some of the chunks of flesh in your inventory have rotted away.
Unknown command.
You swap places.
Your wind drake zombie bites the wyvern.
The wyvern bites your wind drake zombie!
Your komodo dragon skeleton bites the wyvern!
The wyvern dies!
Vehumet accepts your kill. The wind drake flaps its wings at you.
The air twists around and strikes you!
* * * LOW HITPOINT WARNING * * *
Unknown command.
Casting: Regeneration
Confirm with . or Enter, or press ? or * to list all spells.
Your skin crawls.
The wind drake flaps its wings at you. The air twists around and strikes you!
You die...

..............P...#PP.k
......[..........PP......
P...#.......#.##........≈
#...##.......#####...P...
##..P..#....###..#......P
#.#....#.##..#....#......
##.......######...#.....≈#
##........###...........##≈
##..##P.......@Z.Z.k..≈.≈≈≈≈.≈.
#.l###...(..Z......P.........#
##.#...............PPP#.......
#..............#.....# ...(...
##.......#..#####...#. #..PP.
#..........#####...## #.....
##........#.....#...## ##....
#P<...#.............# ##.....
##P...P....#.......####(.....


You could see a wind drake, a friendly polar bear zombie, a friendly wind drake
zombie and a friendly komodo dragon skeleton.

Vanquished Creatures
  Nessos (Lair:4)
  A minotaur (Lab)
  A fire dragon (Volcano)
  4 hydras
  A death yak (D:10)
  A two-headed ogre (D:9)
  Urug (Lair:4)
  A sea snake (Lair:6)
  The ghost of ReteAZ the Reanimator, a novice GnNe of Cheibriados (D:7)
  A lindwurm (Volcano)
  Pikel (D:5)
  A deep elf mage (D:10)
  An ugly thing (D:10)
  10 elephants
  4 black mambas
  7 spiny frogs
  A centaur skeleton (D:11)
  6 komodo dragons
  A rime drake (Lair:2)
  2 polar bears (Lair:6)
  A troll (D:10)
  A hornet (Lair:6)
  3 blink frogs
  3 hippogriffs
  2 wraiths (Lair:4)
  A spriggan (D:10)
  21 yaks
  A hungry ghost (D:8)
  A basilisk (Lair:4)
  3 fire bats (Lair:3)
  3 steam dragons (Volcano)
  3 wyverns
  14 water moccasins
  3 porcupines
  2 ice beasts
  2 black bears
  An orc warrior (D:10)
  3 sky beasts
  A necrophage (D:8)
  4 ogres
  A phantom (D:10)
  11 crocodiles
  4 centaurs
  10 wolves
  An elf zombie (Ossuary)
  A big kobold (D:11)
  13 bullfrogs
  7 gnoll sergeants (Bailey)
  2 scorpions
  A water moccasin skeleton (D:9)
  4 killer bees (D:9)
  9 wights
  4 howler monkeys
  3 crimson imps
  A human zombie (Ossuary)
  A centaur zombie (D:7)
  8 hounds
  A bullfrog skeleton (D:6)
  5 orc priests
  5 orc wizards
  6 gnoll shamans
  Jessica (D:7)
  An iguana (D:8)
  6 worker ants
  A big kobold zombie (Ossuary)
  4 mummies (Ossuary)
  5 hound zombies
  A hound skeleton (D:8)
  20 gnolls
  A howler monkey skeleton (D:4)
  7 adders
  4 shadow imps
  A white imp (D:4)
  2 dart slugs
  2 leopard geckos
  16 orcs
  5 giant cockroaches
  A gnoll zombie (Ossuary)
  11 goblins
  7 hobgoblins
  11 jackals
  14 kobolds
  4 quokkas
  A ball python skeleton (D:3)
  7 bats
  3 frilled lizards
  2 goblin zombies
  2 kobold zombies (Ossuary)
  2 quokka zombies
  4 rats
  A rat zombie (Ossuary)
  9 fungi
  5 plants
379 creatures vanquished.

Vanquished Creatures (collateral kills)
  A two-headed ogre (D:10)
  An elephant (Lair:6)
  2 spiny frogs
  2 wind drakes (Lair:6)
  2 polar bears (Lair:6)
  2 hornets (Lair:6)
  A yak (Lair:5)
  A basilisk (Lair:1)
  A wyvern (Lair:6)
  A hungry ghost (D:10)
  A water moccasin (Lair:6)
  A hell hound (Volcano)
  A porcupine (Lair:2)
  5 wolves
  2 crocodiles
  A big kobold (D:10)
  2 bullfrogs
  A gnoll sergeant (Bailey)
  A wyvern zombie (D:8)
  A scorpion (D:8)
  2 wights
  A hound (D:5)
  2 jellies (D:10)
  A gnoll shaman (Bailey)
  An orc priest (D:3)
  A hound zombie (D:8)
  A hound skeleton (D:5)
  2 gnolls
  A howler monkey skeleton (D:10)
  2 shadow imps
  An ooze (D:1)
  2 worms
  A dart slug (D:2)
  An orc (D:3)
  2 kobolds
  2 bats
  A rat (D:1)
54 creatures vanquished.

Vanquished Creatures (others)
  A sky beast (D:5)
  A kobold zombie (Ossuary)
  A rat zombie (Ossuary)
  12 fungi
  14 plants
29 creatures vanquished.

Grand Total: 462 creatures vanquished

Notes
Turn   | Place    | Note
-------+----------+-------------------------------------------
     0 | D:1      | MordorOrchid the Octopode Necromancer began the quest for the Orb.
     0 | D:1      | Reached XP level 1. HP: 11/11 MP: 3/3
     2 | D:1      | Learned a level 1 spell: Animate Skeleton
   149 | D:1      | Reached XP level 2. HP: 12/18 MP: 0/5
  1397 | D:2      | Reached XP level 3. HP: 21/22 MP: 3/6
  1403 | D:2      | Learned a level 3 spell: Vampiric Draining
  1619 | D:2      | Reached skill level 1 in Fighting
  1809 | D:2      | Reached skill level 3 in Spellcasting
  1880 | D:2      | Reached XP level 4. HP: 20/28 MP: 5/8
  2195 | D:2      | Found a sacrificial altar of Ru.
  2195 | D:2      | Found a snail-covered altar of Cheibriados.
  2366 | D:2      | Learned a level 3 spell: Regeneration
  2954 | D:3      | Reached XP level 5. HP: 12/33 MP: 3/10
  3253 | D:4      | Found Someud's Antique Armour Shop.
  3333 | D:3      | Reached XP level 6. HP: 19/39 MP: 11/11
  3708 | D:4      | Reached skill level 4 in Spellcasting
  3708 | D:4      | Reached skill level 5 in Necromancy
  3780 | D:4      | Noticed a wyvern
  3793 | D:4      | Learned a level 4 spell: Animate Dead
  4043 | D:4      | Killed a wyvern
  4043 | D:4      | Reached XP level 7. HP: 32/45 MP: 8/13
  4066 | D:5      | Entered Level 5 of the Dungeon
  4568 | D:5      | Noticed Pikel
  4596 | D:5      | Killed Pikel
  4596 | D:5      | Reached skill level 5 in Spellcasting
  4596 | D:5      | Reached XP level 8. HP: 24/50 MP: 0/16
  4637 | D:5      | Got a pitted mace {crush}
  4742 | D:5      | Learned a level 5 spell: Borgnjor's Vile Clutch
  4789 | D:6      | Found a sand-covered staircase.
  4807 | Ossuary  | Entered an ossuary
  4965 | Ossuary  | Reached skill level 6 in Spellcasting
  4965 | Ossuary  | Reached skill level 1 in Earth Magic
  5466 | D:6      | Reached skill level 5 in Dodging
  5469 | D:6      | Reached XP level 9. HP: 51/54 MP: 9/18
  5664 | D:6      | Identified the cursed +0 mace "Patirchus" {crush, -Tele Str+7} (You took it off an orc on level 5 of the Dungeon)
  5837 | D:7      | Found a burning altar of Makhleb.
  5995 | D:7      | Found Qetill's Distillery.
  6035 | D:7      | Bought a potion of lignification for 36 gold pieces
  6035 | D:7      | Bought a potion of flight for 36 gold pieces
  6035 | D:7      | Bought a potion of mutation for 96 gold pieces
  6035 | D:7      | Bought a potion of magic for 96 gold pieces
  6035 | D:7      | Bought a potion of berserk rage for 60 gold pieces
  6051 | D:7      | Reached skill level 1 in Charms
  6135 | D:7      | Found a staircase to the Ecumenical Temple.
  6178 | Temple   | Entered the Ecumenical Temple
  6275 | Temple   | Became a worshipper of Vehumet
  6356 | D:7      | Found a burning altar of Makhleb.
  6413 | D:7      | Reached skill level 7 in Spellcasting
  6422 | D:7      | Noticed ReteAZ's ghost (novice GnNe)
  6439 | D:7      | Killed ReteAZ's ghost
  6461 | D:7      | Found a white marble altar of Elyvilon.
  6474 | D:7      | Found Loun's Gadget Boutique.
  6476 | D:7      | Found Ecoacvos's Distillery.
  6504 | D:7      | Bought a potion of invisibility for 120 gold pieces
  6559 | D:7      | Found a sparkling altar of Nemelex Xobeh.
  6559 | D:7      | Noticed Jessica
  6561 | D:7      | Killed Jessica
  6621 | D:7      | Reached XP level 10. HP: 60/63 MP: 15/21
  6695 | D:8      | Found a flagged portal.
  6773 | Bailey   | Entered a bailey
  6775 | Bailey   | Reached skill level 1 in Shields
  6869 | Bailey   | Reached * piety under Vehumet
  6869 | Bailey   | Offered knowledge of Sandblast by Vehumet.
  6869 | Bailey   | Reached skill level 1 in Evocations
  7099 | Bailey   | Reached skill level 8 in Spellcasting
  7389 | D:8      | Offered knowledge of Shock by Vehumet.
  7395 | D:8      | Reached ** piety under Vehumet
  8112 | D:9      | Found a staircase to the Orcish Mines.
  8283 | D:9      | Found a stormy altar of Qazlal.
  8285 | D:9      | Found a deep blue altar of Sif Muna.
  8285 | D:9      | Noticed a two-headed ogre
  8292 | D:9      | Killed a two-headed ogre
  8292 | D:9      | Reached skill level 5 in Earth Magic
  8437 | D:10     | Entered Level 10 of the Dungeon
  8517 | D:10     | Found a staircase to the Lair.
  8528 | D:10     | Reached XP level 11. HP: 70/70 MP: 3/23
  8602 | D:10     | Reached skill level 9 in Spellcasting
  8653 | D:10     | Noticed a red ugly thing
  8659 | D:10     | Killed a red ugly thing
  8711 | D:10     | Offered knowledge of Conjure Flame by Vehumet.
  8816 | D:10     | Noticed a deep elf mage
  8824 | D:10     | Killed a deep elf mage
  8824 | D:10     | Reached *** piety under Vehumet
  8824 | D:10     | Reached skill level 5 in Fighting
  8835 | D:10     | Learned a level 3 spell: Conjure Flame
  8864 | D:10     | Noticed a death yak
  8897 | D:10     | Killed a death yak
  8944 | D:10     | Noticed a two-headed ogre
  8965 | D:10     | Killed a two-headed ogre
  8965 | D:10     | Reached skill level 1 in Conjurations
  8987 | D:10     | Reached skill level 1 in Fire Magic
  9163 | D:11     | Offered knowledge of Inner Flame by Vehumet.
  9169 | D:11     | Learned a level 3 spell: Inner Flame
  9251 | Lair:1   | Entered Level 1 of the Lair of Beasts
  9314 | Lair:1   | Noticed a seven-headed hydra
  9612 | Lair:1   | Killed a seven-headed hydra
  9655 | Lair:1   | Reached skill level 10 in Spellcasting
  9951 | Lair:2   | Reached XP level 12. HP: 77/77 MP: 13/26
 10026 | Lair:2   | Noticed a five-headed hydra
 10030 | Lair:2   | Noticed a five-headed hydra
 10033 | Lair:2   | Killed a five-headed hydra
 10033 | Lair:2   | Reached **** piety under Vehumet
 10033 | Lair:2   | Reached skill level 5 in Evocations
 10037 | Lair:2   | Killed a five-headed hydra
 10057 | Lair:2   | Found a staircase to the Shoals.
 10728 | Lair:3   | Offered knowledge of Ignite Poison by Vehumet.
 10831 | Lair:3   | Found a dark tunnel.
 10877 | Volcano  | Entered a volcano
 10894 | Volcano  | Noticed a fire dragon
 10902 | Volcano  | Killed a fire dragon
 11020 | Volcano  | Reached skill level 11 in Spellcasting
 11294 | Lair:3   | Reached ***** piety under Vehumet
 11296 | Lair:3   | Offered knowledge of Lee's Rapid Deconstruction by Vehumet.
 11309 | Lair:3   | Learned a level 5 spell: Lee's Rapid Deconstruction
 11453 | Lair:4   | Noticed Urug
 11469 | Lair:4   | Killed Urug
 11469 | Lair:4   | Reached skill level 5 in Shields
 11531 | Lair:4   | Noticed Nessos
 11537 | Lair:4   | Killed Nessos
 11537 | Lair:4   | Reached XP level 13. HP: 81/81 MP: 22/28
 11632 | Lair:4   | Found a staircase to the Snake Pit.
 11635 | Lair:4   | Got an iridescent mace
 11698 | Lair:4   | Found a labyrinth entrance.
 11711 | Lab      | Entered a labyrinth
 11714 | Lab      | Learned a level 1 spell: Apportation
 11834 | Lab      | Noticed a minotaur
 11839 | Lab      | Killed a minotaur
 11840 | Lab      | Identified the Handbook of Arcane Weapons
 11846 | Lab      | Identified the cursed +0 mace of Action {protect, *Drain +Blink rPois MR++} (You found it on level 4 of the Lair of Beasts)
 12211 | Lair:4   | Learned a level 1 spell: Confusing Touch
 12564 | Lair:5   | Reached skill level 5 in Conjurations
 12764 | Lair:5   | Found a viscous altar of Jiyva.
 12765 | Lair:5   | Found a staircase to the Slime Pits.
 12875 | Lair:5   | Reached skill level 1 in Hexes
 12875 | Lair:5   | Reached skill level 5 in Fire Magic
 12944 | Lair:5   | Reached skill level 12 in Spellcasting
 13038 | Lair:5   | Identified a scroll of acquirement
 13129 | Lair:5   | Got a crystal broad axe
 13130 | Lair:5   | Identified the +5 broad axe "Yntolod" {drain, Str+3} (You acquired it on level 5 of the Lair of Beasts)
 13318 | Lair:6   | Entered Level 6 of the Lair of Beasts
 13391 | Lair:6   | Paralysed by a hornet for 1 turns
 13657 | Lair:6   | Paralysed by a hornet for 1 turns
 13719 | Lair:6   | Offered knowledge of Force Lance by Vehumet.
 13856 | Lair:6   | Killed from afar by a wind drake

Skill      XL: |  1  2  3  4  5  6  7  8  9 10 11 12 13 |
---------------+----------------------------------------+-----
Stealth        | 3 4 |  4.0
Fighting       | 1 2 3 4 5 |  5.0
Spellcasting   | 3 4 5 6 7 8 10 11 12 | 12.5
Dodging        | 3 4 5 6 7 8 9 |  9.1
Necromancy     | 6 7 8 |  8.0
Earth Magic    | 1 3 5 6 7 8 |  8.0
Charms         | 2 3 |  3.0
Shields        | 2 4 5 6 |  6.2
Evocations     | 3 4 6 |  6.0
Conjurations   | 2 4 5 |  5.6
Fire Magic     | 2 4 5 |  5.5
Hexes          | 2 |  2.5

Action                   |  1- 3 |  4- 6 |  7- 9 | 10-12 | 13-15 || total
-------------------------+-------+-------+-------+-------+-------++-------
Melee: Unarmed           |     5 |       |       |       |       ||     5
       Constrict         |     4 |     8 |    16 |    13 |     6 ||    47
       Tentacles         |     2 |     7 |    16 |    15 |     9 ||    49
       Whip              |     3 |       |    51 |       |       ||    54
       Short sword       |     1 |    39 |     4 |    14 |     4 ||    62
       Flail             |       |       |     4 |       |       ||     4
       Mace              |       |       |    12 |    30 |       ||    42
       Spear             |       |       |    10 |    62 |    50 ||   122
       Staff             |       |       |       |     1 |       ||     1
       Broad axe         |       |       |       |       |    23 ||    23
 Fire: Hunting sling     |       |    39 |    87 |    52 |    31 ||   209
Throw: Stone             |     3 |       |       |       |       ||     3
       Tomahawk          |       |       |       |       |     9 ||     9
       Javelin           |       |       |       |       |     1 ||     1
 Cast: Pain              |    62 |    60 |    85 |    62 |     5 ||   274
       Animate Skeleton  |    21 |    11 |    23 |    47 |    21 ||   123
       Vampiric Draining |       |       |     9 |     7 |     2 ||    18
       Regeneration      |       |       |     5 |     6 |     5 ||    16
       Borgnjor's Vile C |       |       |    21 |   127 |    66 ||   214
       Animate Dead      |       |       |       |    14 |     5 ||    19
       Conjure Flame     |       |       |       |     5 |     8 ||    13
       Lee's Rapid Decon |       |       |       |     2 |    14 ||    16
       Apportation       |       |       |       |       |     8 ||     8
Evoke: Wand              |       |     4 |    12 |    32 |    19 ||    67
  Use: Scroll            |     1 |     4 |    14 |     9 |     8 ||    36
       Potion            |       |     3 |     1 |       |       ||     4
 Stab: Sleeping          |     3 |     1 |     2 |     5 |     1 ||    12
       Distracted        |       |       |     1 |     1 |     1 ||     3
       Paralysed         |       |       |       |     2 |     8 ||    10
  Eat: Chunk             |     3 |     5 |    16 |    32 |    11 ||    67
       Ration            |       |     1 |       |     3 |     2 ||     6
Armor: Skin              |     4 |     3 |     2 |     4 |       ||    13
Dodge: Dodged            |    16 |    35 |    87 |    88 |    24 ||   250
Block: Buckler           |       |       |       |    26 |       ||    26
       Shield            |       |       |       |       |    25 ||    25
